 Dungeon Crawl Stone Soup version 0.30.1 (webtiles) character file.

Game seed: 9919772906240466202

24483 ANNNA the Severer (level 12, -1/110 HPs)
             Began as a Minotaur Berserker on July 7, 2023.
             Was a High Priest of Trog.
             Killed by divine providence
             ... invoked by an orc priest
              (10 damage)
             ... on level 2 of the Orcish Mines.
             The game lasted 00:31:04 (11418 turns).

ANNNA the Severer (Minotaur Berserker)             Turns: 11418, Time: 00:31:05

Health: -1/110     AC: 19    Str: 27    XL:     12   Next: 81%
Magic:  11/11      EV: 16    Int: 10    God:    Trog [*****.]
Gold:   1843       SH: 10    Dex: 10    Spells: 11/11 levels left

rFire   x . .        j - +3 war axe
rCold   + + .        K - +1 kite shield {reflect}
rNeg    . . .        o - +0 ice dragon scales
rPois   .            (helmet restricted)
rElec   .            H - +1 cloak
rCorr   .            s - +0 pair of gloves
SInv    .            A - +0 pair of boots
Will    ++...        (no amulet)
Stlth   +            y - +5 ring of evasion
HPRegen 1.38/turn    e - +6 ring of intelligence
MPRegen 0.12/turn

%: reflection
@: lethally poisoned (-1 -> -10), strong-willed, on berserk cooldown,
regenerating, slowed, very slow
A: horns 2, retaliatory headbutt
a: Renounce Religion, Berserk, Trog's Hand, Brothers in Arms


You were on level 2 of the Orcish Mines.
You worshipped Trog.
Trog was extremely pleased with you.
You visited 3 branches of the dungeon, and saw 14 of its levels.
You also visited: Ice Cave.

You collected 1843 gold pieces.

Inventory:

Hand Weapons
 j - a +3 war axe (weapon)
Missiles
 c - 219 stones (quivered)
 k - a throwing net
 D - 18 poisoned darts
 I - 5 curare-tipped darts
 M - 2 javelins
 Q - 2 datura-tipped darts
Armour
 o - +0 ice dragon scales (worn)
 s - a +0 pair of gloves (worn)
 A - a +0 pair of boots (worn)
 G - a +0 plate armour
 H - a +1 cloak (worn)
 K - a +1 kite shield of reflection (worn)
Jewellery
 e - a +6 ring of intelligence (right hand)
 y - a +5 ring of evasion (left hand)
 P - the ring "Vuegiad" {rElec Str-2 Int+4 Dex+4 SInv}
   (You found it on level 11 of the Dungeon)

   [ring of see invisible]

   Str:       It affects your strength (-2).
   Int:       It affects your intelligence (+4).
   Dex:       It affects your dexterity (+4).
   rElec:     It insulates you from electricity.
   SInv:      It lets you see invisible.
 R - a +5 ring of evasion
Wands
 q - a wand of digging (15)
 t - a wand of charming (12)
 u - a wand of flame (10)
 v - a wand of iceblast (10)
 C - a wand of polymorph (25)
 N - a wand of light (5)
Scrolls
 d - 5 scrolls of fog
 g - 5 scrolls of teleportation
 i - 2 scrolls of enchant weapon {unknown}
 n - a scroll of amnesia {unknown}
 p - a scroll of fear {unknown}
 w - a scroll of vulnerability {unknown}
 z - 2 scrolls of enchant armour
 J - a scroll of silence
 L - a scroll of magic mapping {unknown}
Potions
 a - 7 potions of curing
 b - 2 potions of brilliance
 f - a potion of lignification {unknown}
 h - 2 potions of heal wounds
 l - 3 potions of attraction
 m - 3 potions of mutation
 r - a potion of ambrosia {unknown}
 x - 4 potions of haste
 B - a potion of flight {unknown}
 E - 2 potions of might
 F - a potion of magic {unknown}
 O - 2 potions of invisibility {unknown}


   Skills:
 * Level 11.4 Fighting
 * Level 16.4 Axes
 * Level 11.5 Armour
 + Level 6.0 Dodging
 + Level 5.2 Stealth
 * Level 6.0 Shields
 * Level 5.4 Evocations


You had 11 spell levels left.
You didn't know any spells.
Your spell library contained the following spells:

 Spells                   Type           Power      Damage    Failure   Level
 Summon Small Mammal      Summ           0%         N/A       83%         1
 Cigotuvi's Dreadful Rot  Necr/Pois/Air  0%         N/A       93%         2
 Call Canine Familiar     Summ           0%         N/A       99%         3
 Mephitic Cloud           Conj/Pois/Air  0%         N/A       99%         3
 Stone Arrow              Conj/Erth      0%         3d7       99%         3
 Summon Guardian Golem    Hex/Summ       0%         N/A       99%         3
 Tukima's Dance           Hex            0%         N/A       99%         3
 Animate Armour           Summ/Erth      0%         N/A       100%        4
 Animate Dead             Necr           0%         N/A       100%        4
 Passage of Golubria      Tloc           0%         N/A       100%        4
 Borgnjor's Vile Clutch   Necr/Erth      0%         N/A       100%        5
 Yara's Violent Unravell  Hex/Tmut       0%         3d3       100%        5
 Death Channel            Necr           0%         N/A       100%        6
 Simulacrum               Ice/Necr       0%         N/A       100%        6
 Ozocubu's Refrigeration  Ice            0%         4d7       100%        7
 Polar Vortex             Ice            0%         N/A       100%        9


Dungeon Overview and Level Annotations

Branches:
Dungeon (11/15)            Temple (0/1) D:6            Lair (1/5) D:11
    Orc (2/2) D:11            Elf (0/3) Orc:2         IceCv (visited)

Altars:
Ashenzari
Elyvilon
Fedhas
Gozag
Hepliaklqana
Kikubaaqudgha
Makhleb
Nemelex Xobeh
Qazlal
Sif Muna
Uskayaw
Xom
Yredelemnul
Zin
The Shining One

Shops:
D:6 [([   D:8 *   D:9 *


Innate Abilities, Weirdness & Mutations

You have a pair of horns on your head.
You reflexively headbutt those who attack you in melee.


Message History

You feel very sick.
The orc shouts!
The orc wizard shouts!
The orc shouts!
Nessos shoots an arrow.
The arrow hits you!
* * * LOW HITPOINT WARNING * * *
The arrow burns you.
* * * LOW HITPOINT WARNING * * *
You are too berserk!
You feel your anger nearly subside.
You are no longer berserk.
You are exhausted.
You feel yourself slow down.
You feel very sick.
An orc priest comes into view. It is wielding a +0 hand axe.
You feel very sick.
The orc priest shouts!
You hear a shout!
Nessos shoots an arrow.
You block the arrow with your +1 kite shield of reflection... and reflect it back!
The arrow hits Nessos!
The arrow burns Nessos.
The orc wizard mumbles some strange words.
The orc wizard flickers and vanishes!
Deactivating autopickup; reactivate with Ctrl-A.
An orc priest comes into view. It is wielding a +0 hand axe.
Nessos shoots an arrow.
The arrow hits you!
* * * LOW HITPOINT WARNING * * *
The arrow burns you.
You are more poisoned.
* * * LOW HITPOINT WARNING * * *
Unknown command.
You feel much better.
* * * LOW HITPOINT WARNING * * *
You feel extremely sick.
Nessos shoots an arrow.
You block the arrow with your +1 kite shield of reflection... and reflect it back!
The arrow hits Nessos!
The arrow burns Nessos.
You kill Nessos!
Trog accepts your kill.
Trog appreciates your killing of a magic user.
The orc priest miscasts a cantrip.
The orc priest calls down the wrath of Beogh upon you.
Beogh smites you!
You die...

o.............
....oo...........
....ooo.h...........
.....o..............
..........).........
.....h..............
......c.##.....#
#......##@....##
#.......o........
##.#.............
#......##.....##.
######......##.....##
##.##.##.....§.§......
#..........§§§≈.....≈≈#
##....§..≈§≈≈§##≈§..≈##≈
......≈§≈≈≈§§≈# §§..≈#


You could see a warg, an orc warrior, 2 orc priests and an orc.

Vanquished Creatures
  A frost giant (IceCv)
  An orc warlord (Orc:1)
  Nessos (Orc:2)
  An ettin (Orc:1)
  Erolcha (D:10)
  3 death yaks (IceCv)
  A tengu warrior (D:10)
  An orc knight (Orc:1)
  Pikel (D:4)
  2 cyclopes
  An ugly thing (IceCv)
  2 orc sorcerers (Orc:1)
  A manticore (D:11)
  An ice statue (IceCv)
  Maurice (D:8)
  A gargoyle (D:10)
  A rime drake (IceCv)
  A troll (D:10)
  2 hornets
  3 blink frogs (Lair:1)
  6 polar bears (IceCv)
  2 wraiths
  23 yaks
  3 wyverns
  Grum (D:8)
  A warg (Orc:2)
  2 steam dragons
  3 acid dragons
  6 water moccasins
  Duvessa (D:6)
  6 orc warriors
  A sky beast (D:7)
  2 ice beasts
  4 black bears
  4 ogres
  24 wolves
  5 centaurs
  A phantom (D:6)
  3 kobold brigands
  7 bullfrogs
  3 scorpions
  13 wights
  Dowan (D:6)
  6 killer bees (D:6)
  4 howler monkeys
  Crazy Yiuf (D:5)
  2 jellies
  3 hounds
  6 orc priests
  2 iguanas
  8 orc wizards
  Natasha (thrice) (D:4)
  4 gnolls
  10 adders
  A white imp (D:6)
  An ufetubus (D:4)
  5 dart slugs
  2 worms
  58 orcs
  4 endoplasms
  3 giant cockroaches
  2 goblins
  5 hobgoblins
  21 kobolds
  4 quokkas
  4 ball pythons
  7 bats
  6 frilled lizards
  10 rats
331 creatures vanquished.

Vanquished Creatures (others)
  3 orcs (D:8)
3 creatures vanquished.

Grand Total: 334 creatures vanquished

Notes
Turn   | Place    | Note
-------+----------+-------------------------------------------
     0 | D:1      | ANNNA the Minotaur Berserker began the quest for the Orb.
     0 | D:1      | Reached XP level 1. HP: 19/19 MP: 0/0
   208 | D:1      | Reached XP level 2. HP: 23/27 MP: 1/1
   233 | D:1      | Reached skill level 4 in Axes
   369 | D:1      | Reached ** piety under Trog
   528 | D:1      | Reached XP level 3. HP: 33/33 MP: 2/2
   711 | D:2      | Reached XP level 4. HP: 41/41 MP: 3/3
   712 | D:2      | Reached skill level 1 in Stealth
   978 | D:2      | Reached *** piety under Trog
   979 | D:2      | Reached skill level 5 in Axes
  1204 | D:3      | Found a basalt altar of Yredelemnul.
  1243 | D:3      | Found a faded altar of an unknown god.
  1360 | D:3      | Reached XP level 5. HP: 38/47 MP: 4/4
  1838 | D:4      | Found a shimmering blue altar of Sif Muna.
  1962 | D:4      | Noticed Pikel
  1962 | D:4      | Noticed a lemure
  1962 | D:4      | Noticed a lemure
  1962 | D:4      | Noticed a lemure
  1962 | D:4      | Noticed a lemure
  1969 | D:4      | Killed Pikel
  1970 | D:4      | Reached skill level 5 in Fighting
  1970 | D:4      | Reached skill level 7 in Axes
  1970 | D:4      | Reached XP level 6. HP: 56/56 MP: 5/5
  1970 | D:4      | Reached XP level 7. HP: 61/61 MP: 6/6
  2022 | D:4      | Noticed Natasha
  2027 | D:4      | Killed Natasha
  2027 | D:4      | Noticed Natasha
  2036 | D:4      | Killed Natasha
  2070 | D:4      | Noticed Natasha
  2074 | D:4      | Killed Natasha
  2209 | D:4      | Found an opulent altar of Gozag.
  2213 | D:4      | Reached skill level 5 in Armour
  2555 | D:5      | Entered Level 5 of the Dungeon
  2631 | D:5      | Reached skill level 8 in Axes
  2636 | D:5      | Reached **** piety under Trog
  2640 | D:5      | Reached XP level 8. HP: 37/69 MP: 7/7
  2915 | D:5      | Found a runed translucent door.
  2916 | D:5      | Noticed Crazy Yiuf
  2980 | D:5      | Killed Crazy Yiuf
  3099 | D:5      | Found a broken altar of Ashenzari.
  3273 | D:6      | Reached skill level 9 in Axes
  3524 | D:6      | Found a staircase to the Ecumenical Temple.
  3532 | D:6      | Reached skill level 1 in Evocations
  3615 | D:6      | Found Dudisari's Weapon Shoppe.
  3646 | D:6      | Found Weatoal's Armour Boutique.
  3710 | D:6      | Reached XP level 9. HP: 78/78 MP: 8/8
  3711 | D:6      | Reached skill level 10 in Axes
  3939 | D:6      | Found Heats's Armour Shop.
  4052 | D:6      | Noticed Duvessa
  4052 | D:6      | Noticed Dowan
  4057 | D:6      | Killed Duvessa
  4063 | D:6      | Killed Dowan
  4217 | D:6      | Found Mewympun's Antique Weapon Boutique.
  4511 | D:7      | Found a glowing silver altar of Zin.
  4788 | D:7      | Reached skill level 5 in Dodging
  4982 | D:7      | Found a stormy altar of Qazlal.
  5054 | D:7      | Reached skill level 11 in Axes
  5461 | D:8      | Noticed Grum
  5482 | D:8      | Reached XP level 10. HP: 8/86 MP: 9/9
  5488 | D:8      | HP: 4/86 [Grum/+0 glaive (13)]
  5497 | D:8      | Killed Grum
  5655 | D:8      | Noticed Maurice
  5671 | D:8      | Killed Maurice
  5671 | D:8      | Reached ***** piety under Trog
  5672 | D:8      | Reached skill level 12 in Axes
  6037 | D:8      | Found Lanepp's Gadget Gallery.
  6588 | D:9      | Found Loafudde's Elemental Accessories.
  6947 | D:10     | Entered Level 10 of the Dungeon
  7014 | D:10     | Reached skill level 13 in Axes
  7235 | D:10     | Noticed Erolcha
  7241 | D:10     | Killed Erolcha
  7242 | D:10     | Reached XP level 11. HP: 95/95 MP: 10/10
  7324 | D:10     | Found a shimmering altar of Xom.
  7326 | D:10     | Found a hide-covered altar of Uskayaw.
  7330 | D:10     | Found a white marble altar of Elyvilon.
  7330 | D:10     | Found a hazy altar of Hepliaklqana.
  7330 | D:10     | Found a sparkling altar of Nemelex Xobeh.
  7332 | D:10     | Found an ancient bone altar of Kikubaaqudgha.
  7333 | D:10     | Found a blossoming altar of Fedhas.
  7334 | D:10     | Found a glowing golden altar of the Shining One.
  7399 | D:10     | Identified the +6 spear "Zupaar" {flame, rN+ rCorr Int-3
                  | Dex+2}
  7451 | D:10     | Found a burning altar of Makhleb.
  7546 | D:10     | Found a faded altar of an unknown god.
  7588 | D:10     | Reached skill level 10 in Armour
  7767 | D:10     | Noticed a tengu warrior
  7787 | D:10     | Killed a tengu warrior
  8320 | D:11     | Found a frozen archway.
  8329 | IceCv    | Entered an ice cave
  8335 | IceCv    | Reached skill level 14 in Axes
  8346 | IceCv    | Reached skill level 1 in Shields
  8740 | IceCv    | Reached skill level 10 in Fighting
  8931 | IceCv    | Noticed a white ugly thing
  8939 | IceCv    | Killed a white ugly thing
  9020 | IceCv    | Noticed a death yak
  9020 | IceCv    | Noticed a frost giant
  9021 | IceCv    | Noticed a death yak
  9031 | IceCv    | Noticed a death yak
  9037 | IceCv    | Killed a death yak
  9038 | IceCv    | Reached skill level 15 in Axes
  9049 | IceCv    | Killed a frost giant
  9050 | IceCv    | Reached XP level 12. HP: 107/107 MP: 11/11
  9058 | IceCv    | Killed a death yak
  9065 | IceCv    | Killed a death yak
  9196 | IceCv    | Reached skill level 5 in Shields
  9299 | IceCv    | Got the Precepts of Terrestrial Corruption
  9681 | D:11     | Found a staircase to the Lair.
  9709 | D:11     | Reached skill level 5 in Evocations
  9780 | D:11     | Found a staircase to the Orcish Mines.
  9805 | Lair:1   | Entered Level 1 of the Lair of Beasts
 10034 | D:11     | Identified the ring "Vuegiad" {rElec Str-2 Int+4 Dex+4
                  | SInv}
 10524 | Orc:1    | Entered Level 1 of the Orcish Mines
 10575 | Orc:1    | Noticed an ettin
 10593 | Orc:1    | Killed an ettin
 10594 | Orc:1    | Reached skill level 5 in Stealth
 10658 | Orc:1    | Reached skill level 16 in Axes
 10753 | Orc:1    | Noticed an orc warlord
 10986 | Orc:1    | Killed an orc warlord
 11130 | Orc:2    | Entered Level 2 of the Orcish Mines
 11299 | Orc:2    | Found a staircase to the Elven Halls.
 11398 | Orc:2    | Noticed Nessos
 11417 | Orc:2    | HP: 4/110 [Nessos/arrow (8)]
 11417 | Orc:2    | HP: 1/110 [Nessos/arrow (3)]
 11418 | Orc:2    | Killed Nessos
 11418 | Orc:2    | Killed from afar by an orc priest

Illustrated notes

Levels and vault maps discovered:
D:1:      minmay_arrival_shattered_statue, layout_basic, st_stairs_7,
          minmay_misc_feat_diagonals
D:2:      layout_rooms, lexackson_kobold_supper
D:3:      layout_basic, mainiacjoe_overflow_six_doors_small,
          ebering_ecumenical_altar_petrified, hex_intersection,
          minmay_misc_feat_room
D:4:      layout_rooms, nicolae_gozag_seed_capital, led_sif_book, uniq_pikel,
          uniq_natasha
D:5:      layout_cave_pools, evilmike_ruin_ashenzari, uniq_crazy_yiuf_cottage
D:6:      layout_gridville, minmay_temple_entry_tees, serial_shops,
          kennysheep_mini, nicolae_shop_window_shopping, shop,
          nicolae_shop_tiny_statue_garden, uniq_duvessa
D:7:      layout_rooms, general_overflow_altar, overflow_temple_1_default
D:8:      hellmonk_crumbling_castle, layout_loops_ring, nicolae_shop_gadgets,
          uniq_grum, uniq_maurice
D:9:      layout_roguey, minmay_misc_feat_alley, nicolae_elemental_shop
D:10:     layout_cave_pods, minitemple, amcnicky_altar_gilded,
          serial_column_ruins, column_ruins_temple_hut, column_ruins_hut_water,
          column_ruins_grid_3, column_ruins_columns_dead_end,
          column_ruins_corridor_straight, column_ruins_grid_1,
          column_ruins_columns_corner, column_ruins_grid_1, uniq_erolcha
D:11:     layout_cave_pods, due_lair_maze_entry_diamond, orc_0_dummy,
          portal_ice_cave_entry_pillars_1, minmay_sticks_and_stones
Lair:1:   layout_chaotic_city, st_stairs_7, minivault_26, uniq_urug
Orc:1:    cheibrodos_orc_arena, layout_caves, basic_altar, mines2_david
Orc:2:    kennysheep_orc_mage_school, layout_caves, uniq_nessos

Skill      XL: |  1  2  3  4  5  6  7  8  9 10 11 12 |
---------------+-------------------------------------+-----
Axes           | 4 5 7 8 9 11 13 15 16 | 16.4
Fighting       | 4 5 6 7 8 10 11 | 11.4
Stealth        | 1 2 3 4 5 |  5.2
Armour         | 3 4 5 6 8 9 10 11 | 11.5
Dodging        | 3 4 5 6 |  6.0
Evocations     | 1 2 3 4 5 |  5.4
Shields        | 4 6 |  6.0

Action                     |  1- 3 |  4- 6 |  7- 9 | 10-12 || total
---------------------------+-------+-------+-------+-------++-------
  Melee: Hand axe          |    64 |     5 |       |       ||    69
         Headbutt          |    11 |     7 |    22 |   112 ||   152
         Punch             |     1 |       |     4 |     3 ||     8
         War axe           |       |    46 |   189 |   527 ||   762
 Invoke: Berserk           |     1 |     2 |     4 |    11 ||    18
         Trog's Hand       |       |     1 |     2 |     5 ||     8
    Use: Scroll            |       |     1 |     3 |     8 ||    12
         Potion            |       |       |       |     5 ||     5
   Stab: Distracted        |       |       |       |     1 ||     1
 Armour: Animal skin       |     4 |       |       |       ||     4
         Leather armour    |    18 |    12 |       |       ||    30
         Scale mail        |       |     6 |    54 |       ||    60
         Plate armour      |       |       |    38 |    13 ||    51
         Ice dragon scales |       |       |       |   144 ||   144
  Dodge: Dodged            |    38 |    30 |   207 |   329 ||   604
  Block: Kite shield       |       |       |       |   145 ||   145
         Reflection        |       |       |       |     2 ||     2
